 Seeded DCSS version 0.32-a0-675-gdc239d6 (webtiles) character file.

Game seed: 6208192386555719764 (custom seed)

527 brinewave the Ducker (level 7, -2/35 HPs)
             Began as a Spriggan Artificer on Mar 11, 2024.
             Killed by divine providence
             ... invoked by an orc priest
              (15 damage)
             ... on level 5 of the Dungeon.
             The game lasted 00:27:28 (5182 turns).

brinewave the Ducker (Spriggan Artificer)           Turns: 5182, Time: 00:27:28

Health: -2/35      AC:  2    Str:  8    XL:     7   Next: 3%
Magic:  8/8        EV: 20    Int: 12    God:
Gold:   132        SH:  0    Dex: 18    Spells: 6/6 levels left

rFire   . . .        b - +0 sling (freeze)
rCold   . . .        (no shield)
rNeg    + . .        h - +0 robe
rPois   .            (helmet restricted)
rElec   .            (no cloak)
rCorr   +            (gloves unavailable)
SInv    +            (boots unavailable)
Will    +....        (no amulet)
Stlth   +++          f - ring of positive energy
HPRegen 0.25/turn    j - ring of resist corrosion
MPRegen 0.11/turn

%: no passive effects
@: very quick
A: very small, no large weapons, unfitting armour, see invisible, speed 3
a: Convert to Beogh


You were on level 5 of the Dungeon.
You visited 2 branches of the dungeon, and saw 6 of its levels.

You collected 236 gold pieces.
You spent 104 gold pieces at shops.

Inventory:

Hand Weapons
 a - a +2 dagger of holy wrath
 b - a +0 sling of freezing (weapon)
Armour
 h - a +0 robe (worn)
Jewellery
 f - a ring of positive energy (left hand)
 j - a ring of resist corrosion (right hand)
Wands
 c - a wand of flame (1)
 d - a wand of charming (21)
 e - a wand of iceblast (5)
Scrolls
 k - a scroll of immolation {unknown}
 m - 2 scrolls of teleportation
 n - a scroll of brand weapon {unknown}
 p - a scroll of enchant armour {unknown}
 s - a scroll of amnesia {unknown}
Potions
 g - 2 potions of curing
 i - a potion of lignification {unknown}
 l - a potion of resistance
 o - a potion of ambrosia
 q - a potion of haste {unknown}
 r - a potion of brilliance {unknown}


   Skills:
 + Level 2.8 Fighting
 + Level 3.5 Short Blades
 + Level 3.1 Ranged Weapons
 + Level 5.6 Dodging
 + Level 4.1 Stealth
 - Level 4.0 Evocations


You had 6 spell levels left.
You didn't know any spells.
Your spell library contained the following spells:

 Spells                   Type           Power      Damage    Failure   Level
 Summon Small Mammal      Summ           0%         N/A       32%         1
 Call Canine Familiar     Summ           0%         N/A       69%         3
 Stone Arrow              Conj/Erth      0%         3d7       69%         3
 Summon Ice Beast         Ice/Summ       0%         N/A       69%         3
 Animate Armour           Summ/Erth      0%         N/A       97%         4
 Summon Blazeheart Golem  Fire/Summ      0%         N/A       97%         4
 Summon Mana Viper        Hex/Summ       0%         N/A       100%        5
 Monstrous Menagerie      Summ           0%         N/A       100%        7
 Lehudib's Crystal Spear  Conj/Erth      0%         10d2      100%        8


Dungeon Overview and Level Annotations

Branches:
Dungeon (5/15)             Temple (1/1) D:4

Altars:
Cheibriados
Dithmenos
Hepliaklqana
Makhleb
Nemelex Xobeh
Qazlal
Sif Muna
Trog
Uskayaw
Vehumet
Wu Jian
Xom
Yredelemnul
Zin

Shops:
D:2 ![??   D:4 ((:

Annotations:
D:2 exclusion: scorpion, Ijyb
D:3 Grinder


Innate Abilities, Weirdness & Mutations

You are very small and have problems with some larger weapons.
You are too small for most types of armour.
You have supernaturally acute eyesight. (SInv)
You cover ground extremely quickly. (Speed+++)


Message History

Aim: an orc priest, wielding a +0 short sword and wearing a +0 scale mail (moderately wounded, wandering, hasn't noticed you, 64% to hit)
You shoot a sling bullet.
The sling bullet hits the orc priest but does no damage.
The orc priest is moderately wounded.
Fire: b) +0 sling (freeze)
Press: ? - help, Q - select action, (/) - cycle Shift-Dir - straight line, f/p - orc priest
Aim: an orc priest, wielding a +0 short sword and wearing a +0 scale mail (moderately wounded, 64% to hit)
You shoot a sling bullet.
The sling bullet hits the orc priest but does no damage.
The orc priest shouts, "Beogh offers mercy even to people such as you.
Join us and be reborn!"
The orc priest is moderately wounded.
Fire: b) +0 sling (freeze)
Press: ? - help, Q - select action, (/) - cycle Shift-Dir - straight line, f/p - orc priest
Aim: an orc priest, wielding a +0 short sword and wearing a +0 scale mail (moderately wounded, 64% to hit)
You shoot a sling bullet.
The sling bullet completely misses the orc priest.
The orc priest looks braver for a moment.
Fire: b) +0 sling (freeze)
Press: ? - help, Q - select action, (/) - cycle Shift-Dir - straight line, f/p - orc priest
Aim: an orc priest, wielding a +0 short sword and wearing a +0 scale mail (moderately wounded, 64% to hit)
You shoot a sling bullet. The sling bullet hits the orc priest.
The sling bullet freezes the orc priest.
The orc priest is heavily wounded.
The orc priest looks braver for a moment.
Fire: b) +0 sling (freeze)
Press: ? - help, Q - select action, (/) - cycle Shift-Dir - straight line, f/p - orc priest
Aim: an orc priest, wielding a +0 short sword and wearing a +0 scale mail (heavily wounded, 64% to hit)
You shoot a sling bullet. The sling bullet hits the orc priest.
The sling bullet freezes the orc priest.
The orc priest is almost dead.
The orc priest shouts, "The Pantheon deserves no one's loyalty.
Let us show you the true path!"
Fire: b) +0 sling (freeze)
Press: ? - help, Q - select action, (/) - cycle Shift-Dir - straight line, f/p - orc priest
Aim: an orc priest, wielding a +0 short sword and wearing a +0 scale mail (almost dead, 64% to hit)
You shoot a sling bullet.
The sling bullet barely misses the orc priest.
The orc priest shouts, "The Pantheon deserves no one's loyalty.
Let us show you the true path!"
The orc priest invokes the aid of Beogh against you.
Beogh smites you!
You die...

#..###..##
#..##....#
##..##....##
#..###.....##
#).##.......##
##..##........##
#o.###.........#
#..# #.........#
#@## ###......##
### ########


You could see an orc priest.

Vanquished Creatures
  A phantom (D:5)
  2 scorpions
  A hound (D:5)
  A jelly (D:5)
  2 orc priests
  An iguana (D:4)
  Natasha (D:2)
  8 adders
  A dart slug (D:1)
  2 ribbon worms (D:2)
  8 orcs
  6 endoplasms
  4 giant cockroaches
  11 hobgoblins
  3 quokkas
  4 ball pythons
  6 bats
  5 frilled lizards
  7 goblins
  8 kobolds
  6 rats
88 creatures vanquished.

Notes
Turn   | Place    | Note
-------+----------+-------------------------------------------
     0 | D:1      | brinewave the Spriggan Artificer began the quest for the
                  | Orb.
     0 | D:1      | Reached XP level 1. HP: 9/9 MP: 2/2
   269 | D:1      | Reached skill level 1 in Fighting
   471 | D:1      | Reached XP level 2. HP: 14/14 MP: 3/3
   494 | D:1      | Reached skill level 1 in Short Blades
   886 | D:2      | Reached skill level 1 in Ranged Weapons
   886 | D:2      | Reached XP level 3. HP: 18/18 MP: 4/4
   910 | D:2      | Noticed a scorpion
  1033 | D:2      | Reached skill level 4 in Dodging
  1078 | D:2      | Reached XP level 4. HP: 23/23 MP: 5/5
  1100 | D:2      | Found Titsusol's Magic Scroll Shop.
  1108 | D:2      | Bought a scroll of teleportation for 39 gold pieces
  1108 | D:2      | Bought a scroll of identify for 26 gold pieces
  1213 | D:2      | Found Biedenid's Distillery.
  1221 | D:2      | Bought a potion of curing for 39 gold pieces
  1434 | D:2      | Found Gipu's Antique Armour Emporium.
  1465 | D:2      | Found Zor Vuu's Magic Scroll Boutique.
  1872 | D:3      | Noticed Ijyb
  1876 | D:3      | Noticed Grinder
  1898 | D:3      | HP: 1/23 [frilled lizard (2)]
  2241 | D:3      | Found a hide-covered altar of Uskayaw.
  2462 | D:3      | Found a shadowy altar of Dithmenos.
  2579 | D:3      | Noticed Natasha
  2624 | D:2      | Killed Natasha
  2625 | D:2      | Reached XP level 5. HP: 16/26 MP: 6/6
  2718 | D:3      | Found a shimmering blue altar of Sif Muna.
  2746 | D:3      | Found a shimmering altar of Xom.
  2957 | D:4      | Found a snail-covered altar of Cheibriados.
  3241 | D:2      | Reached skill level 5 in Dodging
  3241 | D:2      | Reached XP level 6. HP: 13/32 MP: 7/7
  3831 | D:4      | Found a bloodstained altar of Trog.
  3872 | D:4      | Found a glowing silver altar of Zin.
  3936 | D:4      | Found Qoddyil's Book Emporium.
  3937 | D:4      | Found Jilaw's Weapon Shop.
  3938 | D:4      | Found Xiepso's Antique Weapon Shop.
  4024 | D:4      | Found a radiant altar of Vehumet.
  4606 | D:4      | Found a staircase to the Ecumenical Temple.
  4615 | Temple   | Entered the Ecumenical Temple
  4655 | D:5      | Entered Level 5 of the Dungeon
  5077 | D:5      | Reached XP level 7. HP: 28/35 MP: 8/8
  5182 | D:5      | Killed from afar by an orc priest

Illustrated notes

Levels and vault maps discovered:
D:1:      heliophobic_arrival_battle_scene, layout_basic
D:2:      layout_basic, serial_shops, nicolae_diamond_shop,
          nicolae_shop_waterfront, nicolae_shop_back_alley_shop,
          nicolae_diamond_shop
D:3:      layout_basic, marbit_many_paths, mainiacjoe_overflow_alcove_4,
          mainiacjoe_overflow_big_doors, uniq_grinder, uniq_natasha, uniq_ijyb
D:4:      layout_layer_cave, mainiacjoe_overflow_brackets,
          mainiacjoe_overflow_paths, mainiacjoe_overflow_alcove_2,
          old_standard_altar, temple_hall, nicolae_wooded_promenade
D:5:      layout_cave_pods, serial_shops, nicolae_shop_drivethru
Temple:   hellmonk_temple_rainy

Skill      XL: |  1  2  3  4  5  6 |
---------------+-------------------+-----
Fighting       | 1 2 |  2.8
Short Blades   | 1 2 3 |  3.5
Ranged Weapons | 1 2 3 |  3.1
Dodging        | 4 5 |  5.6
Stealth        | 3 4 |  4.1
Evocations     | |  4.0

Action                     |  1- 3 |  4- 6 |  7- 9 || total
---------------------------+-------+-------+-------++-------
  Melee: Club              |    14 |       |       ||    14
         Short sword       |    10 |       |       ||    10
         Dagger            |       |    71 |       ||    71
   Fire: Sling             |    68 |   191 |    11 ||   270
  Evoke: Wand              |    13 |     1 |       ||    14
    Use: Potion            |     1 |     2 |       ||     3
         Scroll            |       |     4 |       ||     4
   Stab: Sleeping          |       |     3 |       ||     3
 Armour: Robe              |    14 |    37 |       ||    51
  Dodge: Dodged            |    35 |   105 |       ||   140

Table legend: (Time is in decaauts)
 A = Elapsed time spent in this place.
 B = Non-inter-level travel time spent in this place.
 C = Inter-level travel time spent in this place.
 D = Time resting spent in this place.
 E = Time spent auto-exploring this place.
 F = Levels seen in this place.
 G = Mean time per level.
                   A        B        C        D        E       F      G
               +--------+--------+--------+--------+--------+-----+--------+
         Total |   3641 |   3477 |    164 |    282 |   1932 |   6 |  606.8 |
       Dungeon |   3637 |   3473 |    164 |    282 |   1932 |   5 |  727.4 |
        Temple |      4 |      4 |      0 |      0 |      0 |   1 |    4.0 |
               +--------+--------+--------+--------+--------+-----+--------+

Top non-repeatable levels by time:
     D:4: 952 daAuts
     D:2: 938 daAuts
     D:3: 724 daAuts
     D:1: 663 daAuts
     D:5: 357 daAuts
  Temple: 4 daAuts
